[Event "Titled Tuesday Blitz February 01 A 2022"]
[White "Muradli, Mahammad"]
[Black "Golizadeh, Asghar"]
[WhiteFideId "13409301"]
[BlackFideId "12505269"]
[WhiteElo "2645"]
[BlackElo "2403"]
[Result "1-0"]
[Round "01"]
[TimeControl "180+1"]
[Date "2022.02.01"]
[WhiteClock "0:01:04"]
[BlackClock "0:00:29"]

1. Nf3 Nf6 2. b3 d6 3. d4 g6 4. Bb2 Bg7 5. g3 O-O 6. Bg2 Re8 7. c4 Nbd7 8. d5 c6 9. dxc6 bxc6 10. Nd4 Bb7 11. Bxc6 Bxc6 12. Nxc6 Qc7 13. Nd4 e5 14. Nb5 Qc6 15. O-O Bf8 16. N5c3 Nb6 17. Nd2 Rad8 18. e4 Nfd7 19. f3 Nc5 20. Qe2 Ne6 21. Rad1 Bg7 22. Rf2 a5 23. Nf1 a4 24. Nb5 axb3 25. axb3 Bf8 26. Ne3 Ra8 27. Nd5 Red8 28. f4 Ra2 29. fxe5 dxe5 30. Qf3 Qb7 31. Nf6+ Kg7 32. Rxd8 Nxd8 33. Bxe5 Rxf2 34. Qxf2 Nc6 35. Bb2 Nb4 36. Nd5+ Kg8 37. Qf6 Bc5+ 38. Kf1 Kf8 39. Qh8# 1-0


[Site "https://www.chess.com"]

[Event "Titled Tuesday Blitz February 01 A 2022"]
[White "Nakamura, Hikaru"]
[Black "Cori T., Deysi"]
[WhiteFideId "2016192"]
[BlackFideId "3801934"]
[WhiteElo "2850"]
[BlackElo "2350"]
[Result "1-0"]
[Round "01"]
[TimeControl "180+1"]
[Date "2022.02.01"]
[WhiteClock "0:01:30"]
[BlackClock "0:00:12"]

1. Nf3 Nf6 2. d4 g6 3. b3 Bg7 4. Bb2 O-O 5. e3 b6 6. Be2 Bb7 7. O-O d6 8. c4 Nbd7 9. Qc2 Ne4 10. Nc3 Ndf6 11. Rfd1 Qc8 12. d5 Nxc3 13. Bxc3 e5 14. b4 a5 15. a3 c6 16. dxc6 Qxc6 17. Qb3 Ne4 18. Be1 a4 19. Qa2 Rfd8 20. Rac1 Rac8 21. Qc2 Qe8 22. Qb1 h6 23. Nd2 Ng5 24. f3 d5 25. cxd5 Bxd5 26. Bf2 e4 27. f4 Ne6 28. Nc4 b5 29. Na5 f5 30. Rxc8 Rxc8 31. Rxd5 Qf7 32. Rxb5 1-0


[Site "https://www.chess.com"]

[Event "Titled Tuesday Blitz February 01 A 2022"]
[White "Navalgund, Niranjan"]
[Black "Siva Mahadevan"]
[WhiteFideId "5030854"]
[BlackFideId "25043153"]
[WhiteElo "2290"]
[BlackElo "2203"]
[Result "1/2-1/2"]
[Round "01"]
[TimeControl "180+1"]
[Date "2022.02.01"]
[WhiteClock "0:00:14"]
[BlackClock "0:00:48"]

1. e4 c5 2. Nf3 Nc6 3. Bb5 Na5 4. d4 cxd4 5. Nxd4 a6 6. Be2 b5 7. O-O Bb7 8. Bf3 e6 9. a4 b4 10. c3 Nf6 11. e5 Nd5 12. cxb4 Bxb4 13. Nf5 O-O 14. Nxg7 Kxg7 15. Bxd5 Bxd5 16. Qg4+ Kh8 17. Qxb4 Rg8 18. f3 Rb8 19. Qc3 Nb3 20. Ra3 Rc8 21. Qe3 Rc2 22. Bd2 Rxb2 23. Rxb3 Rxb3 24. Nc3 Qh4 25. Rc1 Bc6 26. Kh1 Rb2 27. Nd1 Ra2 28. Nf2 Qxa4 29. Qh6 Ra1 30. Qf6+ Rg7 31. Qd8+ Rg8 32. Qf6+ Rg7 33. Qd8+ Rg8 34. Qf6+ 1/2-1/2


[Site "https://www.chess.com"]

[Event "Titled Tuesday Blitz February 01 A 2022"]
[White "Nesterov, Arseniy"]
[Black "Karas, Marek"]
[WhiteFideId "24198455"]
[BlackFideId "14928558"]
[WhiteElo "2489"]
[BlackElo "2270"]
[Result "1-0"]
[Round "01"]
[TimeControl "180+1"]
[Date "2022.02.01"]
[WhiteClock "0:00:48"]
[BlackClock "0:00:11"]

1. d4 Nf6 2. c4 e6 3. Nc3 Bb4 4. Qc2 d5 5. Nf3 O-O 6. Bg5 h6 7. Bxf6 Qxf6 8. a3 Bxc3+ 9. Qxc3 c6 10. g3 Nd7 11. Bh3 Re8 12. O-O dxc4 13. Qxc4 Nb6 14. Qc5 Qe7 15. Rfd1 Nd7 16. Qc3 Nf6 17. Ne5 Rd8 18. Bg2 Bd7 19. b4 Be8 20. Qc5 Qd6 21. e3 a5 22. Qxd6 Rxd6 23. Nc4 Rdd8 24. Nxa5 Rd7 25. Nc4 Rdd8 26. Rdc1 Kf8 27. h4 Ke7 28. Bf3 Nd5 29. Na5 Rd7 30. Nb3 Rc7 31. Bxd5 exd5 32. a4 g5 33. hxg5 hxg5 34. f3 f5 35. a5 Kd6 36. Kf2 Bg6 37. Rh1 Rh7 38. Rxh7 Bxh7 39. Rh1 Bg6 40. Rh6 Rg8 41. Nc5 Kc7 42. Ne6+ Kb8 43. Nxg5 Be8 44. Ne6 Bd7 45. Nc5 Bc8 46. Rh7 Rf8 47. Rxb7+ Ka8 48. Rc7 Rh8 49. Rxc6 1-0


[Site "https://www.chess.com"]

[Event "Titled Tuesday Blitz February 01 A 2022"]
[White "Nguyen Hong Nhung"]
[Black "Demchenko, Anton"]
[WhiteFideId "12412201"]
[BlackFideId "4160258"]
[WhiteElo "1661"]
[BlackElo "2539"]
[Result "0-1"]
[Round "01"]
[TimeControl "180+1"]
[Date "2022.02.01"]
[WhiteClock "0:00:16"]
[BlackClock "0:00:40"]

1. e4 e5 2. Nf3 Nc6 3. d4 exd4 4. Nxd4 Bc5 5. Be3 Bb6 6. Nc3 Nf6 7. f3 O-O 8. Qd2 d5 9. O-O-O dxe4 10. fxe4 Ne5 11. h3 c6 12. Qf2 Qe7 13. g4 Ba5 14. g5 Ne8 15. Nb3 Bxc3 16. bxc3 b6 17. Rg1 Nd6 18. Qf4 Ndc4 19. Bxc4 Nxc4 20. Kb1 c5 21. h4 Bb7 22. Rge1 Rad8 23. Rxd8 Rxd8 24. Bc1 a5 25. e5 Bd5 26. Rd1 Be6 27. Rxd8+ Qxd8 28. Qe4 g6 29. Qf4 Qd1 30. Nd2 Na3+ 31. Kb2 Qxc2+ 32. Kxa3 Qxa2# 0-1


[Site "https://www.chess.com"]

[Event "Titled Tuesday Blitz February 01 A 2022"]
[White "Omariev, Maksim"]
[Black "Sychev, Klementy"]
[WhiteFideId "4193423"]
[BlackFideId "4114060"]
[WhiteElo "2508"]
[BlackElo "2564"]
[Result "0-1"]
[Round "01"]
[TimeControl "180+1"]
[Date "2022.02.01"]
[WhiteClock "0:00:05"]
[BlackClock "0:00:05"]

1. g4 d5 2. Bg2 c6 3. h3 e5 4. d4 exd4 5. Qxd4 Nf6 6. c4 Be6 7. g5 Bb4+ 8. Bd2 Bxd2+ 9. Nxd2 Nh5 10. Ngf3 O-O 11. O-O-O Na6 12. Kb1 dxc4 13. Nxc4 Bf5+ 14. e4 Be6 15. Qe3 Qc7 16. Nd6 Rfd8 17. e5 Nb4 18. a3 Ba2+ 19. Kc1 Nd5 20. Qe4 Nhf4 21. Bf1 Qb6 22. Nd4 Rd7 23. Qc2 a6 24. b3 c5 25. Qxa2 cxd4 26. Bc4 Qc5 27. b4 Qc6 28. Rxd4 Nc3 29. Qc2 Qxh1+ 30. Kb2 Na4+ 31. Qxa4 Rc7 32. Bxf7+ Kh8 33. Bc4 b5 34. Nxb5 axb5 35. Qd1 Qxd1 36. Rxd1 bxc4 37. e6 c3+ 38. Kc2 Nxe6 39. Re1 Nxg5 40. Kb3 Nf3 41. Re3 c2 0-1


[Site "https://www.chess.com"]

[Event "Titled Tuesday Blitz February 01 A 2022"]
[White "Paravyan, David"]
[Black "Manukyan, Artyom"]
[WhiteFideId "4194985"]
[BlackFideId "13305786"]
[WhiteElo "2569"]
[BlackElo "2034"]
[Result "1-0"]
[Round "01"]
[TimeControl "180+1"]
[Date "2022.02.01"]
[WhiteClock "0:00:10"]
[BlackClock "0:00:05"]

1. e4 c5 2. Nf3 d6 3. d4 cxd4 4. Nxd4 Nf6 5. Nc3 g6 6. Be3 Bg7 7. f3 O-O 8. Qd2 Nc6 9. O-O-O d5 10. Nxc6 bxc6 11. Bh6 Qc7 12. Bxg7 Kxg7 13. exd5 cxd5 14. Nxd5 Nxd5 15. Qxd5 Be6 16. Qd4+ Kg8 17. Bd3 Rab8 18. Rhe1 a5 19. Re5 Bxa2 20. Qc3 Qxc3 21. bxc3 a4 22. Ra5 Ra8 23. Rxa8 Rxa8 24. Kb2 Be6 25. Ka3 Kg7 26. Rb1 Rc8 27. Rb7 Kf6 28. Kxa4 Rxc3 29. Kb4 Rc6 30. c4 h5 31. c5 Bd5 32. Rb6 Ke5 33. Bc4 f5 34. f4+ Kd4 35. Bxd5 Kxd5 36. Rxc6 Kxc6 37. h4 e6 38. Kc4 Kd7 39. Kd4 Kc6 40. g3 Kb5 41. Ke5 Kxc5 42. Kxe6 Kd4 43. Kf6 Ke4 44. Kxg6 Kf3 45. Kxf5 Kxg3 46. Kg5 1-0


[Site "https://www.chess.com"]

[Event "Titled Tuesday Blitz February 01 A 2022"]
[White "Pranav, V"]
[Black "Tanenbaum, Zachary"]
[WhiteFideId "25060783"]
[BlackFideId "2060850"]
[WhiteElo "2349"]
[BlackElo "2168"]
[Result "1-0"]
[Round "01"]
[TimeControl "180+1"]
[Date "2022.02.01"]
[WhiteClock "0:00:11"]
[BlackClock "0:00:03"]

1. e4 e5 2. Nf3 Nc6 3. Bb5 a6 4. Ba4 d6 5. Bxc6+ bxc6 6. d4 exd4 7. Nxd4 c5 8. Nc6 Qd7 9. Na5 Qa4 10. Qd5 Rb8 11. Qc6+ Qxc6 12. Nxc6 Rb6 13. Na5 Nf6 14. Nc3 Be6 15. b3 Be7 16. Be3 O-O 17. f3 Nd7 18. O-O-O Bf6 19. Nd5 Bxd5 20. Rxd5 Re8 21. Rhd1 Ne5 22. h3 g6 23. Bd2 Kg7 24. Bc3 Nc6 25. Bxf6+ Kxf6 26. Nc4 Rbb8 27. c3 h5 28. Kc2 Ne5 29. Ne3 h4 30. R5d2 Kg7 31. Nd5 Rbc8 32. Nf4 g5 33. Nd5 Ng6 34. Ne3 Nf4 35. Nd5 Nxd5 36. Rxd5 f6 37. b4 cxb4 38. cxb4 Re5 39. Kb3 Rb8 40. Rc1 c5 41. Rxd6 Rxb4+ 42. Ka3 Rd4 43. Rxa6 Rd2 44. Rb1 Rxg2 45. Rb7+ Kg6 46. Raa7 Re8 47. Rg7+ Kh5 48. Rh7+ Kg6 49. Rag7# 1-0


[Site "https://www.chess.com"]

[Event "Titled Tuesday Blitz February 01 A 2022"]
[White "Ratnakaran, K."]
[Black "Martirosyan, Haik M."]
[WhiteFideId "5005507"]
[BlackFideId "13306553"]
[WhiteElo "2391"]
[BlackElo "2735"]
[Result "1-0"]
[Round "01"]
[TimeControl "180+1"]
[Date "2022.02.01"]
[WhiteClock "0:01:08"]
[BlackClock "0:00:35"]

1. e4 c5 2. Nf3 d6 3. c3 Nf6 4. h3 Bd7 5. Bd3 Bc6 6. Qe2 Nbd7 7. O-O e6 8. Bc2 Be7 9. d4 O-O 10. Rd1 cxd4 11. cxd4 b5 12. a3 a5 13. Nc3 b4 14. d5 exd5 15. exd5 Bb7 16. Nb5 Bxd5 17. Bf4 Nb6 18. axb4 axb4 19. Rxa8 Nxa8 20. Nfd4 Re8 21. Bg5 Nb6 22. Nf5 Bc4 23. Bd3 Bxd3 24. Rxd3 d5 25. Rg3 Nbd7 26. Nxg7 Kxg7 27. Bh6+ Kh8 28. Bg7+ Kg8 29. Bxf6+ Kf8 30. Bg7+ Kg8 31. Bf6+ Kf8 32. Rg8+ Kxg8 33. Qg4+ Kf8 34. Qg7# 1-0


[Site "https://www.chess.com"]

[Event "Titled Tuesday Blitz February 01 A 2022"]
[White "Salinas Herrera, Pablo"]
[Black "Tania, Sachdev"]
[WhiteFideId "3407128"]
[BlackFideId "5007844"]
[WhiteElo "2541"]
[BlackElo "2280"]
[Result "1-0"]
[Round "01"]
[TimeControl "180+1"]
[Date "2022.02.01"]
[WhiteClock "0:01:59"]
[BlackClock "0:00:16"]

1. d4 Nf6 2. Nf3 e6 3. Bf4 d5 4. e3 Bd6 5. Nbd2 c5 6. c3 Qc7 7. Bxd6 Qxd6 8. Ne5 Nbd7 9. f4 Qc7 10. Bd3 b6 11. Qf3 Bb7 12. g4 h6 13. h4 c4 14. Bc2 b5 15. g5 hxg5 16. hxg5 Rxh1+ 17. Qxh1 Nxe5 18. gxf6 Ng6 19. fxg7 O-O-O 20. Qh7 Ne7 21. Nf3 f6 22. Kd2 a5 23. Rg1 Ng8 24. Qh8 b4 25. Bh7 bxc3+ 26. bxc3 Qb6 27. Rb1 1-0


[Site "https://www.chess.com"]

[Event "Titled Tuesday Blitz February 01 A 2022"]
[White "Sasikiran, Krishnan"]
[Black "Kanyamarala, Tarun"]
[WhiteFideId "5004985"]
[BlackFideId "45004714"]
[WhiteElo "2572"]
[BlackElo "2144"]
[Result "1-0"]
[Round "01"]
[TimeControl "180+1"]
[Date "2022.02.01"]
[WhiteClock "0:00:55"]
[BlackClock "0:00:13"]

1. d4 f5 2. g3 Nf6 3. Bg2 g6 4. Nf3 Bg7 5. O-O O-O 6. b3 d6 7. Bb2 c6 8. Nbd2 a5 9. a3 Na6 10. c4 e5 11. dxe5 Ng4 12. h3 Nxe5 13. Qc2 Be6 14. e3 Nc5 15. Nd4 Bf7 16. Bc3 a4 17. f4 axb3 18. N4xb3 Ned3 19. Nxc5 Nxc5 20. Bd4 Re8 21. Rfb1 Qa5 22. Kh2 Bxd4 23. exd4 Re2 24. dxc5 Rxd2 25. Qc1 Re8 26. Rb2 Rxb2 27. Qxb2 Qxc5 28. Rd1 Bxc4 29. Qxb7 Bd5 30. Rxd5 cxd5 31. Bxd5+ Kh8 32. Qb2+ Re5 33. Qb8+ Kg7 34. Qg8+ Kh6 35. Qf8+ Kh5 36. Bf3# 1-0


[Site "https://www.chess.com"]

[Event "Titled Tuesday Blitz February 01 A 2022"]
[White "Shuvalov, Evgenij"]
[Black "Makarian, Rudik"]
[WhiteFideId "4187237"]
[BlackFideId "44105681"]
[WhiteElo "2119"]
[BlackElo "2486"]
[Result "0-1"]
[Round "01"]
[TimeControl "180+1"]
[Date "2022.02.01"]
[WhiteClock "0:00:33"]
[BlackClock "0:01:29"]

1. Na3 d5 2. Nh3 Bxh3 3. gxh3 c6 4. c4 Nf6 5. Bg2 e6 6. b3 Bd6 7. Bb2 Qe7 8. Nc2 Nbd7 9. d3 Ne5 10. Bxe5 Bxe5 11. d4 Bd6 12. e3 e5 13. cxd5 cxd5 14. dxe5 Bxe5 15. Nd4 Qb4+ 16. Qd2 Qxd2+ 17. Kxd2 Bxd4 18. exd4 Kd7 19. Rhe1 Rhe8 20. Re5 Kd6 21. Rae1 Re6 22. f4 g6 23. f5 gxf5 24. Rxf5 Rg8 25. Bf3 Rg6 26. Ree5 Rh6 27. Bg2 Rh4 28. Kd3 Rh6 29. b4 a6 30. a4 b6 31. a5 b5 32. Ke3 Nd7 33. Rxe6+ fxe6 34. Rg5 Nb8 35. Kd3 Nc6 36. Kc3 Rf6 37. Rg7 Rf4 38. Rxh7 Rxd4 39. h4 Rc4+ 40. Kd3 Nxb4+ 41. Ke3 d4+ 42. Kd2 Rc2+ 43. Kd1 Rxg2 44. h5 d3 45. Rh8 Nd5 46. Ke1 Ke5 47. Kf1 Ne3+ 48. Ke1 Re2# 0-1


[Site "https://www.chess.com"]

[Event "Titled Tuesday Blitz February 01 A 2022"]
[White "Sjugirov, Sanan"]
[Black "Prraneeth Vuppala"]
[WhiteFideId "4189302"]
[BlackFideId "46622373"]
[WhiteElo "2602"]
[BlackElo "1759"]
[Result "1/2-1/2"]
[Round "01"]
[TimeControl "180+1"]
[Date "2022.02.01"]
[WhiteClock "0:00:04"]
[BlackClock "0:00:07"]

1. e4 e5 2. Nf3 Nc6 3. Bb5 a6 4. Ba4 Nf6 5. O-O b5 6. Bb3 Bc5 7. a4 Rb8 8. c3 d6 9. d4 Bb6 10. a5 Ba7 11. Be3 Bb7 12. Re1 exd4 13. cxd4 Ne7 14. Nbd2 O-O 15. Bg5 Ng6 16. e5 dxe5 17. dxe5 h6 18. exf6 hxg5 19. Nxg5 Qxf6 20. Nde4 Bxe4 21. Nxe4 Qxb2 22. Qf3 c5 23. Bd5 Rbd8 24. Rad1 Qe5 25. Nxc5 Qf4 26. Nxa6 Qa4 27. Bxf7+ Rxf7 28. Rxd8+ Nf8 29. Rxf8+ Rxf8 30. Qd5+ Kh8 31. Qh5+ Kg8 32. Kh1 Bxf2 33. Qd5+ Kh8 34. Rf1 Qxa5 35. Nc5 Bxc5 36. Qh5+ Kg8 37. Qd5+ Kh8 38. Qh5+ Kg8 39. Qd5+ Kh8 1/2-1/2


[Site "https://www.chess.com"]

[Event "Titled Tuesday Blitz February 01 A 2022"]
[White "Sviridov, Valery"]
[Black "Vovk, Orest"]
[WhiteFideId "4120680"]
[BlackFideId "14113490"]
[WhiteElo "2454"]
[BlackElo "2203"]
[Result "1-0"]
[Round "01"]
[TimeControl "180+1"]
[Date "2022.02.01"]
[WhiteClock "0:01:00"]
[BlackClock "0:00:02"]

1. g3 g5 2. d4 g4 3. e4 Bg7 4. Nc3 h5 5. Be3 d6 6. Qd2 h4 7. Bg2 c6 8. O-O-O Qa5 9. Kb1 Be6 10. Nge2 h3 11. Bf1 b5 12. Nf4 Bc4 13. Bxc4 bxc4 14. Qe2 Nh6 15. Qxc4 O-O 16. Qa4 Qxa4 17. Nxa4 Nd7 18. Rhe1 Nb6 19. Nc3 Nc4 20. Bc1 Rab8 21. b3 c5 22. Ncd5 Bxd4 23. Nxe7+ Kh7 24. Nc6 Bxf2 25. Re2 Bd4 26. Nxd4 cxd4 27. Rxd4 Ne5 28. Rxd6 Nf3 29. Nh5 Ng8 30. Nf6+ Nxf6 31. Rxf6 Rbd8 32. Rf4 Rd1 33. Rxg4 Rh1 34. Rf2 Ne5 35. Rg5 f6 36. Rxe5 fxe5 37. Rxf8 Rxh2 38. Rf5 Kg7 39. Rh5 Kg6 40. Rh6+ Kg7 41. Kb2 Rh1 42. a4 Rxc1 43. Rxh3 Re1 44. Rh4 Kf6 45. Kc3 Re3+ 46. Kc4 Rxg3 47. Kd5 Rg2 48. Rh6+ Kg5 49. Rc6 Kf4 50. Rf6+ Ke3 51. Kxe5 Rxc2 52. Ra6 Rc7 53. Kd6 Rb7 54. e5 1-0


[Site "https://www.chess.com"]

[Event "Titled Tuesday Blitz February 01 A 2022"]
[White "Vusatiuk, Vladimir"]
[Black "Xiong, Jeffery"]
[WhiteFideId "14118610"]
[BlackFideId "2047640"]
[WhiteElo "2157"]
[BlackElo "2727"]
[Result "0-1"]
[Round "01"]
[TimeControl "180+1"]
[Date "2022.02.01"]
[WhiteClock "0:00:10"]
[BlackClock "0:01:40"]

1. d4 d5 2. c4 dxc4 3. Nf3 Nf6 4. e3 b5 5. a4 b4 6. Bxc4 e6 7. O-O Bb7 8. Nbd2 Nbd7 9. b3 c5 10. Bb2 Be7 11. Rc1 O-O 12. Qe2 a6 13. Rfd1 Qb8 14. dxc5 Nxc5 15. Nd4 Rc8 16. f3 Nfd7 17. Nf1 Ne5 18. e4 Bg5 19. Ne3 Nxa4 20. bxa4 Bxe3+ 21. Qxe3 Nxc4 22. Rxc4 Rxc4 23. Qg5 h6 24. Qg4 Qe5 25. Rd2 Qg5 26. Qxg5 hxg5 27. Nb3 a5 28. Kf2 Bc6 0-1


[Site "https://www.chess.com"]

[Event "Titled Tuesday Blitz February 01 A 2022"]
[White "Willow, Jonah B"]
[Black "Mahdian, Anousha"]
[WhiteFideId "438804"]
[BlackFideId "12571490"]
[WhiteElo "2261"]
[BlackElo "1767"]
[Result "1-0"]
[Round "01"]
[TimeControl "180+1"]
[Date "2022.02.01"]
[WhiteClock "0:01:15"]
[BlackClock "0:00:18"]

1. e4 c6 2. d4 d5 3. Nc3 dxe4 4. Nxe4 Nf6 5. Nxf6+ exf6 6. c3 Bd6 7. Bd3 O-O 8. Ne2 Re8 9. O-O Nd7 10. Ng3 Nf8 11. f4 c5 12. d5 a6 13. c4 Rb8 14. a4 Qc7 15. Qf3 b5 16. axb5 axb5 17. b3 bxc4 18. bxc4 Rb3 19. Bxh7+ Nxh7 20. Qxb3 Bd7 21. Be3 Rb8 22. Qd3 Nf8 23. Rfb1 Re8 24. Bd2 Bxf4 25. Re1 Be5 26. Bc3 Ng6 27. Bxe5 Nxe5 28. Qc3 Rb8 29. Rab1 Ra8 30. Ra1 Rb8 31. Reb1 Re8 32. Rb2 f5 33. Rba2 f4 34. Ne4 Bf5 35. Ra7 Qb6 36. Ng5 Qf6 37. Ra8 Bc8 38. Ne4 Qg6 39. Rxc8 Rxc8 40. Qxe5 f3 41. Ng3 fxg2 42. Re1 Ra8 43. d6 Rd8 44. d7 Qe6 45. Qxe6 fxe6 46. Rd1 Kf7 47. Ne4 Ke7 48. Nxc5 e5 49. Kxg2 Rh8 50. Kf3 Rd8 51. Ke4 Kf6 52. Nb7 1-0


[Site "https://www.chess.com"]

[Event "Titled Tuesday Blitz February 01 A 2022"]
[White "Zhukova, Natalia"]
[Black "Bortnyk, Olexandr"]
[WhiteFideId "14101513"]
[BlackFideId "14120828"]
[WhiteElo "2296"]
[BlackElo "2723"]
[Result "0-1"]
[Round "01"]
[TimeControl "180+1"]
[Date "2022.02.01"]
[WhiteClock "0:00:01"]
[BlackClock "0:00:40"]

1. c4 d6 2. Nc3 g6 3. d4 Bg7 4. e4 Nc6 5. Be3 e5 6. Nge2 Nh6 7. f3 f5 8. Qd2 f4 9. Bf2 O-O 10. O-O-O Nf7 11. h4 h5 12. Kb1 a6 13. d5 Ne7 14. g3 fxg3 15. Nxg3 Bd7 16. Rg1 b5 17. c5 b4 18. Nce2 a5 19. c6 Bc8 20. Be3 Kh7 21. Nh1 Ng8 22. Nf2 Qxh4 23. Rh1 Qf6 24. Bg2 Bh6 25. Rdg1 Ba6 26. Nh3 a4 27. Ng3 a3 28. b3 Bxe3 29. Qxe3 Ngh6 30. Rh2 Rab8 31. Bh1 Rb5 32. Rhg2 Rc5 33. Ne2 Rg8 34. Ng5+ Nxg5 35. Rxg5 Bxe2 36. Qxe2 Qf4 37. R5g2 Rc3 38. Rf2 Rf8 0-1


[Site "https://www.chess.com"]

[Event "Titled Tuesday Blitz February 01 A 2022"]
[White "Arabidze, Meri"]
[Black "Willow, Jonah B"]
[WhiteFideId "13604040"]
[BlackFideId "438804"]
[WhiteElo "2329"]
[BlackElo "2261"]
[Result "1-0"]
[Round "02"]
[TimeControl "180+1"]
[Date "2022.02.01"]
[WhiteClock "0:00:19"]
[BlackClock "0:00:03"]

1. d4 Nf6 2. Nf3 e6 3. g3 c5 4. Bg2 Nc6 5. O-O cxd4 6. Nxd4 Bc5 7. Nb3 Be7 8. c4 O-O 9. Nc3 Na5 10. Nxa5 Qxa5 11. Bf4 e5 12. Bg5 Qc7 13. Rc1 d6 14. Bxf6 Bxf6 15. Nb5 Qa5 16. a3 Rd8 17. b4 Qb6 18. Nc3 Be6 19. Qd3 Rac8 20. Bd5 a6 21. Rfd1 Be7 22. e3 Qc7 23. Qe2 Rb8 24. Qf3 Qc8 25. Qg2 Bh3 26. Qh1 Bg4 27. Rd2 b5 28. cxb5 axb5 29. Rdc2 Qa6 30. Qe4 Be6 31. Ra2 Rdc8 32. Rcc2 Rc7 33. Qd3 Rbc8 34. Bxe6 fxe6 35. a4 d5 36. Nxb5 Rxc2 37. Rxc2 e4 38. Rxc8+ Qxc8 39. Qd2 Qc4 40. Qc3 Bxb4 41. Qe5 Qc6 42. Nd4 Qc1+ 43. Kg2 Kh8 44. Qb8+ 1-0


[Site "https://www.chess.com"]

[Event "Titled Tuesday Blitz February 01 A 2022"]
[White "Bluebaum, Matthias"]
[Black "Bodnaruk, Anastasia"]
[WhiteFideId "24651516"]
[BlackFideId "4181751"]
[WhiteElo "2550"]
[BlackElo "2393"]
[Result "1-0"]
[Round "02"]
[TimeControl "180+1"]
[Date "2022.02.01"]
[WhiteClock "0:00:37"]
[BlackClock "0:00:03"]

1. d4 Nf6 2. c4 g6 3. Nc3 Bg7 4. e4 d6 5. Nf3 O-O 6. Be2 e5 7. Be3 Na6 8. O-O c6 9. d5 Re8 10. Ne1 cxd5 11. cxd5 Nc5 12. Bxc5 dxc5 13. Nd3 b6 14. b4 Bf8 15. bxc5 bxc5 16. Nb2 c4 17. Nxc4 Bb4 18. Rc1 Bxc3 19. Rxc3 Nxe4 20. Re3 f5 21. f3 Nf6 22. Rxe5 Rxe5 23. Nxe5 Bb7 24. d6 Kg7 25. Qd4 Bd5 26. Rb1 Qxd6 27. Rb7+ Kg8 28. Bc4 Rd8 29. Rxa7 Bxc4 30. Qxd6 Rxd6 31. Nxc4 Rd4 32. Ne5 Rd1+ 33. Kf2 Rd2+ 34. Kg3 Nh5+ 35. Kh4 Rxg2 36. a4 Nf6 37. Kh3 Rf2 38. a5 Re2 39. Nc6 g5 40. a6 g4+ 41. fxg4 fxg4+ 42. Kg3 h5 43. Re7 Ra2 44. a7 Nd5 45. Rb7 Ra3+ 46. Kh4 Rh3+ 47. Kg5 1-0


[Site "https://www.chess.com"]

[Event "Titled Tuesday Blitz February 01 A 2022"]
[White "Boros, Denes"]
[Black "Khegay, Dmitriy"]
[WhiteFideId "722340"]
[BlackFideId "24153729"]
[WhiteElo "2464"]
[BlackElo "2457"]
[Result "0-1"]
[Round "02"]
[TimeControl "180+1"]
[Date "2022.02.01"]
[WhiteClock "0:00:03"]
[BlackClock "0:00:43"]

1. e4 d6 2. c4 g6 3. Nc3 Bg7 4. Nf3 c5 5. d4 cxd4 6. Nxd4 Nc6 7. Be3 Nf6 8. Be2 O-O 9. Qd2 Bd7 10. Rc1 Nxd4 11. Bxd4 Bc6 12. f3 a5 13. h4 h6 14. b3 Nd7 15. Be3 Kh7 16. h5 g5 17. g3 Nc5 18. Qc2 Kh8 19. Rd1 Qc8 20. Nd5 Bxd5 21. exd5 f5 22. f4 Ne4 23. Bf3 a4 24. b4 b5 25. c5 dxc5 26. Bxe4 fxe4 27. bxc5 Qg4 28. Rg1 Qf3 29. Bd4 Bxd4 30. Rxd4 gxf4 31. Qxe4 Qc3+ 32. Rd2 Qc1+ 33. Rd1 Qxc5 34. Qe5+ Rf6 35. Rg2 f3 36. Rf2 Qb4+ 37. Kf1 Qg4 38. d6 Qh3+ 39. Ke1 Qe6 40. Qxe6 Rxe6+ 41. Kf1 Rxd6 42. Rxd6 exd6 43. Rxf3 b4 44. Rf7 b3 45. a3 Rb8 0-1


[Site "https://www.chess.com"]

[Event "Titled Tuesday Blitz February 01 A 2022"]
[White "Bortnyk, Olexandr"]
[Black "Bashirli, Nail"]
[WhiteFideId "14120828"]
[BlackFideId "13406809"]
[WhiteElo "2723"]
[BlackElo "2333"]
[Result "1-0"]
[Round "02"]
[TimeControl "180+1"]
[Date "2022.02.01"]
[WhiteClock "0:01:08"]
[BlackClock "0:00:28"]

1. e4 c5 2. c3 d6 3. d4 Nf6 4. Bd3 Qc7 5. Ne2 g6 6. O-O Bg7 7. f4 O-O 8. e5 Nd5 9. Qe1 Nc6 10. Be4 e6 11. Na3 cxd4 12. cxd4 dxe5 13. fxe5 Rd8 14. Bg5 Rd7 15. Qh4 Qb6 16. Nc4 Qb4 17. Rac1 b5 18. Bxd5 Rxd5 19. a3 Qa4 20. Ne3 Nxd4 21. Nc3 Ne2+ 22. Nxe2 Qxh4 23. Bxh4 Rxe5 24. Bf2 Bb7 25. Rc7 Be4 26. Bg3 Bd3 27. Rfxf7 Bh8 28. Bxe5 Bxe5 29. Nc3 1-0


[Site "https://www.chess.com"]

[Event "Titled Tuesday Blitz February 01 A 2022"]
[White "Brodowski, Piotr"]
[Black "Jobava, Baadur"]
[WhiteFideId "1124480"]
[BlackFideId "13601520"]
[WhiteElo "2422"]
[BlackElo "2617"]
[Result "0-1"]
[Round "02"]
[TimeControl "180+1"]
[Date "2022.02.01"]
[WhiteClock "0:00:16"]
[BlackClock "0:01:38"]

1. c4 Nf6 2. Nc3 e6 3. Nf3 c5 4. g3 b6 5. Bg2 Bb7 6. O-O Be7 7. d4 cxd4 8. Qxd4 O-O 9. Bf4 d6 10. Qd2 Nh5 11. Be3 Nd7 12. Rfd1 a6 13. a4 Qc7 14. b3 Rfd8 15. Ne1 Bxg2 16. Nxg2 Nhf6 17. Qa2 Rab8 18. Nf4 h6 19. Nd3 Nc5 20. b4 Nxd3 21. exd3 d5 22. a5 bxa5 23. b5 d4 24. Bf4 e5 25. bxa6 dxc3 26. Be3 Bb4 27. a7 Ra8 28. Qb3 Ng4 0-1


[Site "https://www.chess.com"]

[Event "Titled Tuesday Blitz February 01 A 2022"]
[White "Caruana, Fabiano"]
[Black "Mustafayev, Farid"]
[WhiteFideId "2020009"]
[BlackFideId "13408771"]
[WhiteElo "2744"]
[BlackElo "2129"]
[Result "1-0"]
[Round "02"]
[TimeControl "180+1"]
[Date "2022.02.01"]
[WhiteClock "0:01:08"]
[BlackClock "0:00:52"]

1. d4 d5 2. Bf4 Nf6 3. e3 g6 4. Nf3 Bg7 5. Nbd2 O-O 6. Be2 c5 7. c3 cxd4 8. exd4 Nc6 9. O-O Bg4 10. h3 Bxf3 11. Bxf3 a6 12. a4 e6 13. b4 Rc8 14. Nb3 Ne4 15. Bxe4 dxe4 16. Nc5 Qd5 17. a5 g5 18. Be3 f5 19. Bxg5 f4 20. Qg4 Rce8 21. Bxf4 h5 22. Qg3 Kh7 23. Rae1 e5 24. dxe5 Bxe5 25. Rxe4 Rg8 26. Qf3 Bxc3 27. Rd1 Nd4 28. Rdxd4 Bxd4 29. Re7+ 1-0


[Site "https://www.chess.com"]

[Event "Titled Tuesday Blitz February 01 A 2022"]
[White "Deac, Bogdan-Daniel"]
[Black "Alonso Rosell, Alvar"]
[WhiteFideId "1226380"]
[BlackFideId "2270544"]
[WhiteElo "2646"]
[BlackElo "2518"]
[Result "1-0"]
[Round "02"]
[TimeControl "180+1"]
[Date "2022.02.01"]
[WhiteClock "0:00:09"]
[BlackClock "0:00:03"]

1. e4 c5 2. Nf3 Nc6 3. d4 cxd4 4. Nxd4 e6 5. Nc3 Nf6 6. Qd3 a6 7. Nxc6 bxc6 8. e5 Nd5 9. Ne4 Nb4 10. Qc3 Qa5 11. Bd2 Qd5 12. Nd6+ Bxd6 13. exd6 a5 14. Qxg7 Qd4 15. Qg5 Qxd6 16. O-O-O Rb8 17. Bc4 Qd4 18. Bb3 Nxa2+ 19. Kb1 Rxb3 20. cxb3 Nb4 21. Bc3 Qe4+ 22. Ka1 Nc2+ 23. Ka2 Nb4+ 24. Bxb4 axb4 25. Rhe1 Qc2 26. Rd4 Qxf2 27. Ree4 Ba6 28. Rf4 Qe3 29. Qa5 Bb5 30. Qa8+ Ke7 31. Qxh8 c5 32. Qf6+ Ke8 33. Qxf7+ Kd8 34. Qf8+ Kc7 35. Qxc5+ Bc6 36. Rxd7+ 1-0


[Site "https://www.chess.com"]